 Dungeon Crawl Stone Soup version 0.31-a0-986-g5e6e4ef867 (webtiles) character file.

Game seed: 10466905150073763523

24 gelatine the Chopper (level 2, -1/20 (22) HPs)
             Began as a Demonspawn Gladiator on Nov 10, 2023.
             Killed by nerve-wracking pain
             ... invoked by Jessica
              (7 damage)
             ... on level 2 of the Dungeon.
             The game lasted 00:02:17 (805 turns).

gelatine the Chopper (Demonspawn Gladiator)          Turns: 805, Time: 00:02:17

HP:   -1/20 (22)    AC:  4    Str: 14    XL:     2   Next: 79%
MP:   2/2           EV: 12    Int:  9    God:
Gold: 115           SH:  0    Dex: 14    Spells: 1/1 levels left

rFire   . . .        a - +0 war axe
rCold   . . .        (no shield)
rNeg    . . .        b - +0 leather armour
rPois   .            c - +0 helmet
rElec   .            j - scarf {+Inv}
rCorr   .            (no gloves)
SInv    .            (no boots)
Will    .....        (no amulet)
Stlth   +            (no ring)
HPRegen 0.23/turn    (no ring)
MPRegen 0.16/turn

%: no passive effects
@: drained
A: magic regeneration
a: Evoke Invisibility


You were on level 2 of the Dungeon.
You visited 1 branch of the dungeon, and saw 2 of its levels.

You collected 135 gold pieces.
You spent 20 gold pieces at shops.

Inventory:

Hand Weapons
 a - a +0 war axe (weapon)
Missiles
 d - 2 throwing nets (quivered)
 e - a javelin
Armour
 b - a +0 leather armour (worn)
 c - a +0 helmet (worn)
 j - a scarf of invisibility (worn)
Scrolls
 f - 5 scrolls of teleportation
 h - a scroll of noise {unknown}
 k - a scroll of fog {unknown}
Potions
 g - a potion of heal wounds
 i - a potion of haste {unknown}


   Skills:
 + Level 2.2 Fighting
 + Level 3.1 Axes
 + Level 1.8 Throwing
 + Level 0.2 Armour
 + Level 3.0 Dodging
 * Level 0.2 Evocations


You had one spell level left.
You didn't know any spells.
Your spell library was empty.

Dungeon Overview and Level Annotations

Branches:
Dungeon (2/15)

Altars:

Shops:
D:1 *

Annotations:
D:2 Jessica


Innate Abilities, Weirdness & Mutations

You regenerate magic rapidly.


Message History

You slash the ball python!
You kill the ball python!
You see here a ball python corpse.
The kobold shouts!
A frilled lizard comes into view.
Jessica the Apprentice Sorceress comes into view.
She is wielding a +0 dagger.
Jessica shouts!
The kobold hits you with a +0 short sword.
You hit the kobold.
You kill the kobold!
A rat comes into view.
Jessica casts a spell at you. You resist with some effort.
Things that are here:
a +0 short sword; 2 stones You see here a scroll labelled FOAC UBBEPP.
Jessica casts a spell.
Jessica seems to speed up.
You barely miss the frilled lizard.
Jessica casts a spell.
Jessica blinks!
The frilled lizard bites you.
You hit the frilled lizard.
You kill the frilled lizard!
Jessica misses you.
You see here a scroll labelled FOAC UBBEPP.
You hit Jessica.
Jessica is moderately wounded.
You barely miss the rat. Jessica barely misses you. The rat misses you.
Jessica mumbles some strange words.
Jessica blinks!
You closely miss the rat. Jessica casts a spell at you.
Pain shoots through your body!
Ouch! That really hurt!
* * * LOW HITPOINT WARNING * * *
The rat closely misses you. x2
You closely miss the rat. Jessica gestures at you while chanting.
Pain shoots through your body!
You die...

.........#
###....#
#####.#..# ###..#
#..#..# #..###
.......# #....##
........# #.##..##
........##
#.###..# ........#
#.# ##.+ ........#
#.# ### ..
#######@#######...
......r§.@.....#
#######...†...$#
#.....(..#
######........#
#....)...........
#................
#.......#####....
#.......# ....


You could see Jessica (fast) and a rat.

Vanquished Creatures
  2 endoplasms
  A giant cockroach (D:1)
  5 hobgoblins
  4 ball pythons
  3 bats (D:1)
  A frilled lizard (D:2)
  3 goblins (D:1)
  2 kobolds
  3 rats
24 creatures vanquished.

Notes
Turn   | Place    | Note
-------+----------+-------------------------------------------
     0 | D:1      | gelatine the Demonspawn Gladiator began the quest for the
                  | Orb.
     0 | D:1      | Reached XP level 1. HP: 16/16 MP: 1/1
   237 | D:1      | Found Rufiat's General Store.
   247 | D:1      | Bought a scroll of identify for 20 gold pieces
   358 | D:1      | Gained mutation: You regenerate magic rapidly. [demonic
                  | ancestry]
   358 | D:1      | Reached XP level 2. HP: 20/22 MP: 2/2
   786 | D:2      | Noticed Jessica
   805 | D:2      | Killed from afar by Jessica

Illustrated notes

Levels and vault maps discovered:
D:1:      dpeg_arrival_castle, layout_basic, serial_shops, shop
D:2:      layout_basic, dilly_ecumenical_altar_fadedgnrine, uniq_jessica,
          uniq_robin

Skill      XL: |  1  2 |
---------------+-------+-----
Axes           | 3 |  3.1
Dodging        | 3 |  3.0
Fighting       | |  2.2
Throwing       | |  1.8
Armour         | |  0.2
Evocations     | |  0.2

Action                     || total
---------------------------++-------
  Melee: War axe           ||    42
  Throw: Throwing net      ||     1
    Use: Scroll            ||     2
 Armour: Leather armour    ||    28
  Dodge: Dodged            ||    26

Table legend: (Time is in decaauts)
 A = Elapsed time spent in this place.
 B = Non-inter-level travel time spent in this place.
 C = Inter-level travel time spent in this place.
 D = Time resting spent in this place.
 E = Time spent auto-exploring this place.
 F = Levels seen in this place.
 G = Mean time per level.
                   A        B        C        D        E       F      G
               +--------+--------+--------+--------+--------+-----+--------+
         Total |    824 |    781 |     43 |      0 |    589 |   2 |  412.0 |
       Dungeon |    824 |    781 |     43 |      0 |    589 |   2 |  412.0 |
               +--------+--------+--------+--------+--------+-----+--------+

Top non-repeatable levels by time:
     D:1: 640 daAuts
     D:2: 184 daAuts
